 Dungeon Crawl Stone Soup version 0.27-a0-1123-g2f9bb313c0 (webtiles) character file.

Game seed: 10140388170966768927

641 Zeld the Chucker (level 7, -2/48 HPs)
             Began as an Octopode Fighter on May 4, 2021.
             Slain by a killer bee (6 damage)
             ... on level 4 of the Dungeon.
             The game lasted 00:04:09 (4866 turns).

Zeld the Chucker (Octopode Fighter)                 Turns: 4866, Time: 00:04:10

Health: -2/48      AC:  1    Str: 15 (17) XL:     7   Next: 51%
Magic:  7/7        EV: 11    Int:  9 (11) God:
Gold:   40         SH:  8    Dex:  8 (11) Spells: 6/6 levels left

rFire    . . .     SeeInvis +   a - +0 war axe
rCold    . . .     Faith    .   b - +0 kite shield
rNeg     . . .     Spirit   .   (helmet restricted)
rPois    .         Reflect  .   (no amulet)
rElec    .         Harm     .   m - ring of see invisible
rCorr    .         Rampage  .   (no ring)
Will     .....                  (no ring)
Stlth    ++........             (no ring)
HPRegen  0.16/turn              (no ring)
MPRegen  0.10/turn              (no ring)
                                (no ring)
                                (no ring)

@: lethally poisoned (-2 -> -12), flying
A: almost no armour, amphibious, 8 rings, camouflage 1, gelatinous body 1,
(nimble swimmer 1), tentacles
a: no special abilities


You were on level 4 of the Dungeon.
You visited 1 branch of the dungeon, and saw 4 of its levels.

You collected 82 gold pieces.
You spent 42 gold pieces at shops.

Inventory:

Hand Weapons
 a - a +0 war axe (weapon)
Missiles
 n - 18 poisoned darts (quivered)
Armour
 b - a +0 kite shield (worn)
Jewellery
 m - a ring of see invisible (left tentacle)
Scrolls
 d - a scroll of immolation {unknown}
 f - 4 scrolls of identify {unknown}
 g - a scroll of amnesia {unknown}
 h - a scroll of silence {unknown}
 i - a scroll of fog {unknown}
 p - 2 scrolls of teleportation {unknown}
 r - a scroll of fear {unknown}
 s - a scroll of magic mapping {unknown}
Potions
 c - a potion of haste {unknown}
 k - a potion of heal wounds {unknown}
 l - a potion of flight
 o - a potion of brilliance {unknown}
 q - a potion of lignification {unknown}


   Skills:
 * Level 4.1 Fighting
 * Level 3.4 Axes
 - Level 6.0 Throwing
 - Level 3.0 Dodging
 * Level 4.1 Shields


You had 6 spell levels left.
You didn't know any spells.
Your spell library contained the following spells:

 Spells                   Type           Power      Damage    Failure   Level
 Animate Skeleton         Necr           0%         N/A       86%         1
 Corona                   Hex            0%         N/A       86%         1
 Pain                     Necr           0%         1d4       86%         1
 Ensorcelled Hibernation  Hex/Ice        0%         N/A       94%         2
 Confusing Touch          Hex            0%         N/A       99%         3
 Dazzling Flash           Conj/Hex       0%         N/A       99%         3
 Tukima's Dance           Hex            0%         N/A       99%         3
 Vampiric Draining        Necr           0%         2d6       99%         3
 Animate Dead             Necr           0%         N/A       100%        4
 Agony                    Necr           0%         N/A       100%        5


Dungeon Overview and Level Annotations

Branches:
Dungeon (4/15)
 Temple: D:4-7

Altars:
Wu Jian
Yredelemnul

Shops:
D:4 ![

Annotations:
D:4 1 exclusion


Innate Abilities, Weirdness & Mutations

You cannot wear most types of armour.
You are amphibious.
You can wear up to eight rings at the same time.
Your skin changes colour to match your surroundings (Stealth+).
Your rubbery body absorbs attacks. (AC +1, EV +1)
((You are camouflaged near water. (Stealth+)))
You have tentacles for arms and can constrict up to eight enemies at once.


Message History

You start resting.
You feel sick. x6
You are no longer poisoned.
You start resting.
You start resting.
Something unseen opens the door.
You start resting.
An orc wizard is nearby!
An orc wizard is nearby!
An orc wizard is nearby!
You start resting.
A killer bee is nearby!
A killer bee is nearby!
A killer bee is nearby!
A killer bee is nearby!
A killer bee is nearby!
The killer bee buzzes angrily.
Found 15 stones.
The killer bee stings you. You block the killer bee's attack.
The killer bee barely misses you. The killer bee stings you!
The killer bee stings you!
* * * LOW HITPOINT WARNING * * *
You are poisoned.
The killer bee poisons you!
You feel sick. The killer bee closely misses you.
It was a potion of flight.
You feel very buoyant.
You fly up into the air.
You feel sick. You block the killer bee's attack. The killer bee stings you.
* * * LOW HITPOINT WARNING * * *
You are lethally poisoned!
The killer bee poisons you!
It was a potion of degeneration.
There was something very wrong with that liquid.
You feel weakened.
You feel dopey.
You feel clumsy.
* * * LOW HITPOINT WARNING * * *
You feel very sick. You block the killer bee's attack.
The killer bee stings you.
You die...

.##... +....##........#...y.# .#
...######....##........#.8.∩.8
.####...........##........#...<..
...#......................#...8..
...................###).#........
....8.<.∩.8......[.#.#...........
...#....o..####.[###.#'#....(...(
...#.......# ##.#..:..#.######..
[..##+#....# #@###.###.#
...........#####.y.#.#...#
...............[...###...###.
........................).....
#####.#.##.............(..(...
#####+#.##..........##'#.......
##...)..##..........##.#.....##
##......##..............######
##......##..............#


You could see a killer bee.

Vanquished Creatures
  Sigmund (D:3)
  4 killer bees
  A jelly (D:4)
  2 orc priests
  4 orc wizards (D:4)
  4 gnolls (D:3)
  2 adders (D:3)
  A worm (D:2)
  6 orcs (D:3)
  8 endoplasms
  7 goblins
  4 hobgoblins
  3 jackals (D:3)
  4 quokkas
  4 ball pythons
  9 bats
  A frilled lizard (D:3)
  5 kobolds
  4 rats
74 creatures vanquished.

Notes
Turn   | Place    | Note
-------+----------+-------------------------------------------
     0 | D:1      | Zeld the Octopode Fighter began the quest for the Orb.
     0 | D:1      | Reached XP level 1. HP: 16/16 MP: 1/1
   127 | D:1      | Reached XP level 2. HP: 16/21 MP: 2/2
   734 | D:2      | Found a basalt altar of Yredelemnul.
   736 | D:2      | Reached XP level 3. HP: 26/26 MP: 3/3
  1425 | D:3      | Noticed Sigmund
  1715 | D:3      | Killed Sigmund
  1716 | D:3      | Reached skill level 4 in Throwing
  1716 | D:3      | Reached XP level 4. HP: 29/31 MP: 4/4
  1716 | D:3      | Reached XP level 5. HP: 34/36 MP: 5/5
  1993 | D:2      | Reached XP level 6. HP: 23/42 MP: 6/6
  2104 | D:3      | Reached skill level 5 in Throwing
  2540 | D:3      | Found a faded altar of an unknown god.
  2616 | D:3      | Found an ornate altar of the Wu Jian Council.
  3755 | D:3      | Reached skill level 6 in Throwing
  3993 | D:4      | Reached XP level 7. HP: 38/46 MP: 7/7
  4089 | D:4      | Found Oso Be Mudd's Distillery.
  4097 | D:4      | Bought a potion of curing for 42 gold pieces
  4234 | D:3      | HP: 2/47 [killer bee (3)]
  4697 | D:4      | Found Cabec's Armour Shop.
  4866 | D:4      | Slain by a killer bee

Illustrated notes

Levels and vault maps discovered:
D:1:      scummos_arrival_simple_fountains, layout_rooms, minmay_cupped
D:2:      layout_rooms, basic_altar, interstate_on_off
D:3:      layout_rooms, lemuel_crystal_altar,
          shapermc_ecumenical_altar_notcrosses, uniq_sigmund
D:4:      layout_basic, nicolae_overflow_hidden_temple,
          makhleb_heckhound_becter, serial_shops, nicolae_shop_statue_plus,
          nicolae_shop_trees, shop, shop_statue,
          minmay_a_box_with_orc_wizards_in_it

Skill      XL: |  1  2  3  4  5  6  7 |
---------------+----------------------+-----
Throwing       | 4 6 |  6.0
Axes           | 3 |  3.4
Fighting       | 4 |  4.1
Shields        | 4 |  4.1
Dodging        | |  3.0

Action                   |  1- 3 |  4- 6 |  7- 9 || total
-------------------------+-------+-------+-------++-------
Melee: War axe           |    55 |    53 |    22 ||   130
       Tentacles         |    11 |    10 |     2 ||    23
       Constrict         |    11 |    20 |     7 ||    38
Throw: Dart              |       |       |     2 ||     2
  Use: Potion            |     1 |     2 |     3 ||     6
 Stab: Sleeping          |     2 |     2 |       ||     4
Armor: Skin              |     9 |     3 |     2 ||    14
Dodge: Dodged            |    33 |    34 |    17 ||    84
Block: Kite shield       |    31 |    40 |    19 ||    90

Table legend: (Time is in decaauts)
 A = Elapsed time spent in this place.
 B = Non-inter-level travel time spent in this place.
 C = Inter-level travel time spent in this place.
 D = Time resting spent in this place.
 E = Time spent auto-exploring this place.
 F = Levels seen in this place.
 G = Mean time per level.
                   A        B        C        D        E       F      G
               +--------+--------+--------+--------+--------+-----+--------+
         Total |   4952 |   4805 |    147 |   2055 |   2118 |   4 | 1238.0 |
       Dungeon |   4952 |   4805 |    147 |   2055 |   2118 |   4 | 1238.0 |
               +--------+--------+--------+--------+--------+-----+--------+

Top non-repeatable levels by time:
     D:2: 2164 daAuts
     D:3: 1689 daAuts
     D:1: 600 daAuts
     D:4: 497 daAuts
